 Dungeon Crawl Stone Soup version 0.28-b1-1-g3c77fb2ed1 (webtiles) character file.

Game seed: 11202576583875451030

103 Dormantt the Magician (level 4, 0/24 HPs)
             Began as a Deep Elf Fire Elementalist on Jan 29, 2022.
             Killed from afar by Natasha (7 damage)
             ... with a magic dart
             ... on level 2 of the Dungeon.
             The game lasted 00:04:20 (3027 turns).

Dormantt the Magician (Deep Elf Fire Elementalist)  Turns: 3027, Time: 00:04:20

Health: 0/24       AC:  2    Str:  5    XL:     4   Next: 51%
Magic:  5/12       EV: 13    Int: 22    God:
Gold:   69         SH:  0    Dex: 15    Spells: 2/11 levels left

rFire   . . .      SeeInvis .   (no weapon)
rCold   . . .      Faith    .   (no shield)
rNeg    . . .      Spirit   .   a - +0 robe
rPois   .          Reflect  .   (no helmet)
rElec   .          Harm     .   (no cloak)
rCorr   .          Rampage  .   (no gloves)
Will    .....                   (no boots)
Stlth   ++........              (no amulet)
HPRegen 0.08/turn               (no ring)
MPRegen 0.13/turn               (no ring)

@: very slightly contaminated
A: no striking features
a: no special abilities


You were on level 2 of the Dungeon.
You visited 1 branch of the dungeon, and saw 2 of its levels.

You collected 69 gold pieces.

Inventory:

Armour
 a - a +0 robe (worn)
Scrolls
 c - a scroll of vulnerability {unknown}
 f - a scroll of identify {unknown}
 h - a scroll of noise {unknown}
Potions
 b - a potion of ambrosia {unknown}
 d - a potion of curing
 e - a potion of mutation {unknown}
 g - a potion of lignification {unknown}


   Skills:
 * Level 3.4 Dodging
 + Level 3.2 Stealth
 * Level 4.0 Spellcasting
 + Level 2.1 Conjurations
 * Level 4.0 Fire Magic


You had 2 spell levels left.
You knew the following spells:

 Your Spells              Type           Power      Damage    Failure   Level
a - Foxfire               Conj/Fire      72%        2x1d7     3%          1
b - Scorch                Fire           44%        2d7       3%          2
c - Conjure Flame         Conj/Fire      18%        6-21      10%         3
d - Inner Flame           Hex/Fire       13%        N/A       14%         3

Your spell library contained the following spells:

 Spells                   Type           Power      Damage    Failure   Level
 Flame Wave               Conj/Fire      18%        2d6       30%         4


Dungeon Overview and Level Annotations

Branches:
Dungeon (2/15)

Altars:

Annotations:
D:2 Natasha


Message History

The shadow imp is moderately wounded.
The shadow imp misses you.
Casting: Foxfire (safe; 3% risk of failure)
Confirm with . or Enter, or press ? or * to list all spells.
You conjure some foxfire!
The shadow imp misses you.
The foxfire hits the shadow imp.
The shadow imp is heavily wounded.
The foxfire hits the shadow imp.
The shadow imp is severely wounded.
The shadow imp hits you.
Casting: Foxfire (safe; 3% risk of failure)
Confirm with . or Enter, or press ? or * to list all spells.
You miscast Foxfire.
You are very lightly contaminated with residual magic.
Nothing appears to happen.
Natasha casts a spell.
The shadow imp hits you.
The crimson imp blinks!
Casting: Foxfire (safe; 3% risk of failure)
Confirm with . or Enter, or press ? or * to list all spells.
You conjure some foxfire!
The shadow imp closely misses you.
The foxfire hits the shadow imp but does no damage.
The shadow imp is severely wounded.
The foxfire hits the shadow imp but does no damage.
The shadow imp is severely wounded.
The shadow imp hits you.
Unknown command.
What are your orders? t - Shout!
Orders for allies: a - Attack new target. r - Retreat! s - Stop attacking. g - Guard the area. f - Follow me.
Anything else - Cancel.
Okay, then.
The shadow imp gestures at you. Pain shoots through your body!
* * * LOW HITPOINT WARNING * * *
The crimson imp blinks!
Natasha casts a spell at you. The magic dart hits you!
You die...

#####.# #.#.......##...## #####.#
####.###########.## ......#
#.......# #.# ####..# #.##.##.#
#.# # #..# #.##.##.# ##'## # ##..#
#.#..##.# ##...## # #...#
###>#.###.# ##.....## ###..##
#.........# ##.......#
......#####.#...@.5.####.........
....................h5.'ยง........
......#####.###.#...####.........
.##...# #.###.##..# ##.......#
.##.#.# #.........# ##.....##
.##.#.# #####.##### ##...##
(##.#.# ### #.# ##'####
.#########.####.# #.#...
#....#.P..###.#.# #.#.##


You could see Natasha, a white imp (summoned) and a shadow imp (summoned).

Vanquished Creatures
  Natasha (twice) (D:2)
  An adder (D:2)
  A worm (D:2)
  2 dart slugs
  3 ball pythons
  6 bats
  4 endoplasms
  A giant cockroach (D:2)
  A hobgoblin (D:1)
  3 kobolds
  A quokka (D:1)
  A frilled lizard (D:1)
  8 goblins
  3 rats
37 creatures vanquished.

Vanquished Creatures (others)
  4 demonic plants (D:2)
  152 foxfires
  5 fungi (D:2)
  10 plants (D:2)
  A withered plant (D:2)
172 creatures vanquished.

Grand Total: 209 creatures vanquished

Notes
Turn   | Place    | Note
-------+----------+-------------------------------------------
     0 | D:1      | Dormantt the Deep Elf Fire Elementalist began the quest for
                  | the Orb.
     0 | D:1      | Reached XP level 1. HP: 10/10 MP: 6/6
   369 | D:1      | Reached XP level 2. HP: 15/15 MP: 6/8
  1608 | D:2      | Reached XP level 3. HP: 19/19 MP: 6/9
  1611 | D:2      | Learned a level 2 spell: Scorch
  1615 | D:2      | Learned a level 3 spell: Conjure Flame
  1799 | D:2      | Found a faded altar of an unknown god.
  2116 | D:2      | Noticed Natasha
  2124 | D:2      | Killed Natasha
  2125 | D:2      | Reached XP level 4. HP: 15/24 MP: 7/11
  2155 | D:2      | Learned a level 3 spell: Inner Flame
  2638 | D:2      | Noticed Natasha
  2678 | D:2      | Killed Natasha
  3006 | D:2      | Noticed Natasha
  3027 | D:2      | Killed from afar by Natasha

Illustrated notes

Levels and vault maps discovered:
D:1:      roderic_crossed_star, layout_basic, roderic_roman_lattice,
          amethyst_killhole, minivault_11, minmay_strange_pillars
D:2:      layout_loops_corners, shapermc_ecumenical_altar_gd,
          nicolae_elevator_lobby_asterisk, uniq_natasha

Skill      XL: |  1  2  3  4 |
---------------+-------------+-----
Stealth        | 3 |  3.2
Dodging        | 3 |  3.4
Spellcasting   | 4 |  4.0
Conjurations   | 2 |  2.1
Fire Magic     | 4 |  4.0

Action                   |  1- 3 |  4- 6 || total
-------------------------+-------+-------++-------
Melee: Unarmed           |     3 |       ||     3
 Cast: Foxfire           |    79 |    18 ||    97
       Scorch            |       |     6 ||     6
Armor: Robe              |     3 |       ||     3
Dodge: Dodged            |    10 |     4 ||    14
